 Dungeon Crawl Stone Soup version 0.23.2-1-ga50397a (webtiles) character file.

Game seed: 16513954246992410717

14024 Borgoz the Slicer (level 12, -1/130 HPs)
             Began as a Halfling Gladiator on May 14, 2019.
             Was an Elder of Makhleb.
             Killed from afar by an efreet (31 damage)
             ... with a fireball
             ... in a volcano.
             The game lasted 00:31:43 (13183 turns).

Borgoz the Slicer (Halfling Gladiator)             Turns: 13183, Time: 00:31:44

Health: -1/130     AC:  3    Str: 27    XL:     12   Next: 40%
Magic:  16/16      EV: 23    Int:  6    God:    Makhleb [****..]
Gold:   164        SH:  0    Dex: 19    Spells: 11/11 levels left

rFire    . . .     SeeInvis .   p - +5 rapier
rCold    + . .     Gourm    .   (shield restricted)
rNeg     . . .     Faith    .   (no armour)
rPois    .         Spirit   .   c - +1 helmet
rElec    .         Reflect  .   (no cloak)
rCorr    .         Harm     .   r - +0 pair of gloves
MR       .....                  (no boots)
Stlth    ..........             y - amulet of rage
HPRegen  0.31/turn              B - +5 ring of strength
MPRegen  0.15/turn              j - ring of protection from cold

@: berserking (expiring), very quick
A: small, mutation resistance 1
a: Minor Destruction, Lesser Servant of Makhleb, Major Destruction, Renounce
Religion, Evoke Berserk Rage


You were in a volcano.
You worshipped Makhleb.
Makhleb was greatly pleased with you.
You were hungry.

You visited 3 branches of the dungeon, and saw 14 of its levels.
You also visited: Volcano.

You collected 740 gold pieces.
You spent 576 gold pieces at shops.

Inventory:

Hand Weapons
 p - a +5 rapier (weapon)
Armour
 c - a +1 helmet (worn)
 n - a +1 scale mail of cold resistance
 r - a +0 pair of gloves (worn)
 s - a +0 troll leather armour
Jewellery
 j - a ring of protection from cold (right hand)
 o - an uncursed amulet of guardian spirit
 t - the ring of Yneenlu {*Contam +Blink rPois rC- rN+++}
   (You found it on level 11 of the Dungeon)

   [ring of poison resistance]

   It makes you vulnerable to cold.
   It protects you from poison.
   It renders you almost immune to negative energy.
   It lets you blink.
   It causes magical contamination when unequipped.
 w - a +6 ring of protection
 y - an amulet of rage (around neck)
 B - a +5 ring of strength (left hand)
Wands
 m - a wand of acid (20)
 v - a wand of paralysis (9)
 x - a wand of disintegration (15)
 A - a wand of polymorph (7)
Scrolls
 b - 2 scrolls of identify
 e - 4 scrolls of teleportation
 h - 5 scrolls of remove curse
 q - 3 scrolls of fog
Potions
 d - a potion of berserk rage
 i - 4 potions of haste
 k - a potion of might
 l - a potion of flight
Comestibles
 a - 8 chunks of flesh
 f - 29 rations


   Skills:
 * Level 9.9 Fighting
 * Level 10.5 Short Blades
 - Level 2.0 Throwing
 * Level 9.0 Armour
 * Level 9.7 Dodging
 + Level 5.0 Stealth
 + Level 2.6 Invocations
 + Level 5.3 Evocations


You had 11 spell levels left.
You didn't know any spells.
Your spell library contained the following spells:

 Spells                   Type           Power        Failure   Level  Hunger
 Magic Dart               Conj           #...         45%         1    ##.....
 Searing Ray              Conj           #.....       58%         2    ###....
 Dazzling Spray           Conj/Hex       #.....       83%         3    ####...
 Force Lance              Conj/Tloc      #.......     99%         4    #####..
 Fulminant Prism          Conj/Hex       #.........   99%         4    #####..
 Iskenderun's Mystic Bla  Conj           #.......     99%         4    #####..


Dungeon Overview and Level Annotations

Branches:
Dungeon (11/15)            Temple (1/1) D:4            Lair (2/6) D:9
  Swamp (0/4) Lair:2          Orc (0/2) D:10
  Snake: Lair:2-4    Spider: Lair:2-4

Altars:
Ashenzari
Cheibriados
Dithmenos
Elyvilon
Fedhas
Gozag
Hepliaklqana
Kikubaaqudgha
Makhleb
Nemelex Xobeh
Okawaru
Qazlal
Ru
Sif Muna
Trog
Uskayaw
Vehumet
Wu Jian
Xom
Yredelemnul
Zin
The Shining One
Beogh

Shops:
D:6 }   D:10 =


Innate Abilities, Weirdness & Mutations

You are small and have problems with some larger weapons.
You are somewhat resistant to further mutation.


Message History

The efreet is severely wounded.
The efreet hits you with a +4 scimitar of flaming!!
The efreet burns you!
You hit the efreet.
The efreet is almost dead.
The efreet gestures at you.
The fireball explodes!
The fireball engulfs the efreet.
The efreet completely resists.
The fireball engulfs you!!
* * * LOW HITPOINT WARNING * * *
You puncture the efreet!
You kill the efreet!
Makhleb accepts your kill.
There is an open door here.
You see here a +4 scimitar of flaming.
You feel a strong urge to attack something.
A molten gargoyle opens the door.
The efreet gestures at you.
The fireball explodes!
The fireball engulfs the fire vortex.
The fire vortex completely resists.
The fireball engulfs you!!
You die...

##...###.
##°....#9
#°≈....#9
#°..∩..'####
#≈≈....##≈≈###
#≈≈≈...#≈≈°≈≈##
#≈≈≈...#≈°°≈v≈°
#°..∩.@v.R≈≈≈°°
#°°....#.≈°≈..#
##≈....#.....##
##...###...##
##.## #.## ###
##


You could see an efreet, 2 molten gargoyles and 2 fire vortices.

Vanquished Creatures
  2 hydras (Lair:1)
  2 two-headed ogres
  A gargoyle (D:10)
  2 black mambas
  A kobold demonologist (D:10)
  A rime drake (Lair:2)
  2 spiny frogs (Lair:1)
  An efreet (Volcano)
  A komodo dragon (Lair:1)
  3 trolls
  5 hippogriffs
  A wyvern (Lair:2)
  5 yaks (Lair:2)
  A steam dragon (D:7)
  3 water moccasins (Lair:1)
  3 sky beasts
  A black bear (D:10)
  3 ice beasts
  A phantom (D:8)
  A necrophage (D:9)
  7 orc warriors
  4 ogres
  10 wolves
  4 centaurs
  2 crocodiles
  2 big kobolds
  4 bullfrogs
  A wyvern zombie (D:10)
  5 scorpions
  A water moccasin skeleton (D:7)
  4 killer bees
  3 electric eels (D:9)
  4 wights (D:6)
  A howler monkey (D:7)
  5 crimson imps
  2 jellies
  7 orc priests
  2 bullfrog skeletons
  A centaur skeleton (D:7)
  A gnoll shaman (D:10)
  9 hounds
  6 orc wizards
  Natasha (twice) (D:4)
  3 worker ants
  6 iguanas
  A killer bee zombie (D:7)
  2 hound skeletons
  2 howler monkey zombies
  9 gnolls
  8 adders
  3 shadow imps
  An ooze (D:1)
  2 adder skeletons (D:2)
  2 worms
  A dart slug (D:1)
  5 leopard geckos
  45 orcs
  10 bats
  7 giant cockroaches
  4 goblins
  8 hobgoblins
  2 jackals (D:2)
  6 quokkas
  3 frilled lizards
  17 kobolds
  A leopard gecko skeleton (D:7)
  A leopard gecko zombie (D:5)
  A quokka skeleton (D:6)
  2 rats
279 creatures vanquished.

Notes
Turn   | Place    | Note
-------+----------+-------------------------------------------
     0 | D:1      | Borgoz the Halfling Gladiator began the quest for the Orb.
     0 | D:1      | Reached XP level 1. HP: 14/14 MP: 1/1
   128 | D:1      | Reached XP level 2. HP: 15/19 MP: 2/2
   905 | D:2      | Reached XP level 3. HP: 24/24 MP: 3/3
   907 | D:2      | Reached skill level 1 in Armour
   911 | D:2      | Reached skill level 4 in Short Blades
   975 | D:2      | Reached XP level 4. HP: 16/30 MP: 4/4
  1446 | D:2      | Reached XP level 5. HP: 36/36 MP: 5/5
  2254 | D:3      | Found a faded altar of an unknown god.
  2689 | D:3      | Reached XP level 6. HP: 42/42 MP: 6/6
  3062 | D:4      | Found a staircase to the Ecumenical Temple.
  3101 | Temple   | Entered the Ecumenical Temple
  3212 | Temple   | Became a worshipper of Makhleb the Destroyer
  3447 | D:4      | Noticed Natasha
  3468 | D:4      | Killed Natasha
  3886 | D:4      | Noticed Natasha
  3896 | D:4      | Killed Natasha
  3994 | D:4      | Found a radiant altar of Vehumet.
  4069 | D:5      | Entered Level 5 of the Dungeon
  4181 | D:5      | Reached skill level 5 in Short Blades
  4296 | D:5      | Noticed an ice beast
  4322 | D:5      | Killed an ice beast
  4322 | D:5      | Reached XP level 7. HP: 33/48 MP: 5/7
  4865 | D:5      | Reached skill level 5 in Dodging
  5015 | D:5      | Reached * piety under Makhleb
  5057 | D:5      | Reached skill level 5 in Fighting
  5057 | D:5      | Reached XP level 8. HP: 40/55 MP: 6/8
  5188 | D:5      | Reached skill level 6 in Short Blades
  6266 | D:6      | Found Oshruq's Gadget Emporium.
  6968 | D:7      | Noticed a hippogriff
  7064 | D:7      | Reached XP level 9. HP: 36/63 MP: 5/9
  7076 | D:7      | Reached skill level 5 in Armour
  7318 | D:7      | Reached skill level 7 in Short Blades
  7496 | D:7      | Noticed a hippogriff
  7524 | D:7      | Killed a hippogriff
  7731 | D:7      | Reached ** piety under Makhleb
  7741 | D:7      | Killed a hippogriff
  7766 | D:7      | Reached XP level 10. HP: 56/72 MP: 7/10
  7785 | D:7      | Reached skill level 8 in Short Blades
  8479 | D:8      | Noticed a two-headed ogre
  8503 | D:8      | Killed a two-headed ogre
  8671 | D:8      | Found a stormy altar of Qazlal.
  8671 | D:8      | Found a basalt altar of Yredelemnul.
  8671 | D:8      | Found a hazy altar of Hepliaklqana.
  8672 | D:8      | Found a white marble altar of Elyvilon.
  9377 | D:9      | Noticed a two-headed ogre
  9389 | D:9      | Killed a two-headed ogre
  9389 | D:9      | Reached skill level 1 in Stealth
  9389 | D:9      | Reached skill level 1 in Evocations
  9807 | D:9      | Reached skill level 9 in Short Blades
  9844 | D:9      | Reached XP level 11. HP: 59/78 MP: 11/13
  9883 | D:9      | Reached *** piety under Makhleb
 10003 | D:9      | Found a staircase to the Lair.
 10773 | D:10     | Entered Level 10 of the Dungeon
 11049 | D:10     | Reached **** piety under Makhleb
 11050 | D:10     | Found a roughly hewn altar of Beogh.
 11050 | D:10     | Found a staircase to the Orcish Mines.
 11395 | D:10     | Found Acusaen's Jewellery Emporium.
 11658 | D:11     | Got a twitching steel ring
 11662 | D:11     | Noticed a sphinx
 11664 | D:11     | Found a stormy altar of Qazlal.
 11664 | D:11     | Noticed a deep elf high priest
 11672 | D:11     | Noticed a purple ugly thing
 11706 | D:10     | Bought a +5 ring of strength for 576 gold pieces
 11707 | D:10     | Identified the ring of Yneenlu {*Contam +Blink rPois rC-
                  | rN+++} (You found it on level 11 of the Dungeon)
 11758 | Lair:1   | Entered Level 1 of the Lair of Beasts
 11889 | Lair:1   | Noticed an eight-headed hydra
 11917 | Lair:1   | Killed an eight-headed hydra
 11917 | Lair:1   | Reached skill level 1 in Invocations
 11986 | Lair:1   | Reached skill level 10 in Short Blades
 12129 | Lair:1   | Noticed a six-headed hydra
 12145 | Lair:1   | HP: 1/80 [six-headed hydra (15)]
 12344 | Lair:1   | Reached skill level 5 in Evocations
 12510 | Lair:1   | Reached XP level 12. HP: 46/86 MP: 15/15
 12578 | Lair:1   | Killed a six-headed hydra
 13100 | Lair:2   | Found a dark tunnel.
 13124 | Lair:2   | Reached skill level 5 in Stealth
 13166 | Volcano  | Entered a volcano
 13183 | Volcano  | Killed from afar by an efreet

Skill      XL: |  1  2  3  4  5  6  7  8  9 10 11 12 |
---------------+-------------------------------------+-----
Fighting       | 2 3 4 5 6 7 8 9 |  9.9
Armour         | 1 2 3 4 6 7 8 9 |  9.0
Short Blades   | 4 5 6 7 9 10 | 10.5
Dodging        | 4 5 6 7 8 9 |  9.7
Stealth        | 2 4 5 |  5.0
Evocations     | 2 5 |  5.3
Invocations    | 1 2 |  2.6
Throwing       | |  2.0

Action                   |  1- 3 |  4- 6 |  7- 9 | 10-12 || total
-------------------------+-------+-------+-------+-------++-------
Melee: Rapier            |    65 |   274 |   410 |   757 ||  1506
Throw: Throwing net      |       |     3 |     2 |     3 ||     8
 Abil: Evoke Berserk Rag |       |       |       |     6 ||     6
Evoke: Wand              |       |       |     6 |     4 ||    10
  Use: Potion            |       |     4 |     3 |     5 ||    12
       Scroll            |       |       |    12 |    11 ||    23
 Stab: Sleeping          |       |     2 |       |     1 ||     3
       Held in net/web   |       |     2 |     2 |     5 ||     9
       Paralysed         |       |       |     8 |       ||     8
  Eat: Chunk             |       |    11 |    11 |    20 ||    42
       Ration            |       |       |       |     1 ||     1
Armor: Leather armour    |    12 |    27 |       |       ||    39
       Ring mail         |       |    24 |   103 |    56 ||   183
       Skin              |       |    14 |       |       ||    14
       Troll leather arm |       |       |       |    95 ||    95
Dodge: Dodged            |    49 |   180 |   326 |   699 ||  1254
